[Event "Queens Festival Final-B 2022"]
[Site "Tornelo"]
[Date "2022.06.25"]
[Round "4.5"]
[White "Bian, Erin"]
[Black "Pang, Ashley"]
[Result "1-0"]
[ECO "C42"]
[WhiteElo "1811"]
[BlackElo "1967"]
[Annotator "NA RC"]
[PlyCount "79"]
[EventDate "2022.06.24"]
[EventType "tourn"]
[EventCountry "NET"]
[SourceTitle "playchess.com"]
[Source "ChessBase"]
[SourceQuality "1"]
[TimeControl "180+2"]

1. e4 e5 2. Nf3 Nf6 3. Nxe5 d6 4. Nf3 Nxe4 5. c4 Be7 6. d4 d5 7. Bd3 c6 8. O-O O-O 9. Re1 f5 10. Nc3 Bd6 11. Qc2 Na6 12. cxd5 Nb4 13. Qe2 cxd5 14. a3 Nxd3 15. Qxd3 Be6 16. Be3 Rc8 17. Rac1 Qb6 18. Na4 Qa5 19. Nc5 Bxc5 20. dxc5 Bf7 21. b4 Qc7 22. Bd4 Rfe8 23. Nd2 Bg6 24. f3 Ng5 25. f4 Ne4 26. Be5 Qe7 27. Qxd5+ Bf7 28. Qd3 Red8 29. Bd6 Qh4 30. Nxe4 fxe4 31. Qxe4 Re8 32. Be5 Qe7 33. Rcd1 b6 34. c6 a5 35. bxa5 bxa5 36. Qe3 Rxc6 37. Qg3 Rg6 38. Qf3 Rb8 39. Bxb8 Qb7 40. Rd8+ 1-0

[Event "Queens Festival Final-B 2022"]
[Site "Tornelo"]
[Date "2022.06.25"]
[Round "5.1"]
[White "Pang, Ashley"]
[Black "Masoumi, Sahar"]
[Result "0-1"]
[ECO "A05"]
[WhiteElo "1967"]
[BlackElo "2004"]
[Annotator "NA RC"]
[PlyCount "66"]
[EventDate "2022.06.24"]
[EventType "tourn"]
[EventCountry "NET"]
[SourceTitle "playchess.com"]
[Source "ChessBase"]
[SourceQuality "1"]
[TimeControl "180+2"]

1. g3 Nf6 2. Bg2 g6 3. Nf3 Bg7 4. d3 O-O 5. Nbd2 d6 6. e4 c5 7. O-O Nc6 8. c3 a6 9. Re1 e5 10. a4 h6 11. Nc4 Be6 12. h3 Rb8 13. Ne3 d5 14. exd5 Nxd5 15. Nc4 Qc7 16. a5 Nde7 17. Qa4 Bxc4 18. dxc4 f5 19. Be3 e4 20. Nh4 Ne5 21. f4 exf3 22. Nxf3 Nxf3+ 23. Bxf3 Qxg3+ 24. Bg2 Nc6 25. Bf2 Qg5 26. Rad1 f4 27. Rd5 Ne5 28. h4 Qg4 29. Rdxe5 f3 30. Bg3 Qxg3 31. Qc2 f2+ 32. Kh1 Qxh4+ 33. Bh3 Qxh3# 0-1

[Event "Queens Festival Final-B 2022"]
[Site "Tornelo"]
[Date "2022.06.25"]
[Round "5.2"]
[White "Francis, Onkemetse"]
[Black "Bian, Erin"]
[Result "0-1"]
[ECO "C54"]
[WhiteElo "1777"]
[BlackElo "1811"]
[Annotator "NA RC"]
[PlyCount "72"]
[EventDate "2022.06.24"]
[EventType "tourn"]
[EventCountry "NET"]
[SourceTitle "playchess.com"]
[Source "ChessBase"]
[SourceQuality "1"]
[TimeControl "180+2"]

1. e4 e5 2. Nf3 Nc6 3. Bc4 Bc5 4. c3 Nf6 5. d3 O-O 6. O-O d5 7. exd5 Nxd5 8. h3 Nb6 9. Bb3 Bf5 10. Bc2 Bg6 11. Re1 Qd6 12. Nbd2 Rad8 13. Ne4 Bxe4 14. dxe4 Qg6 15. Qe2 a5 16. Nh4 Qf6 17. Nf5 g6 18. Nh6+ Kh8 19. Ng4 Qe7 20. Bh6 Rfe8 21. Rad1 a4 22. Qf3 Qe6 23. Bg5 Be7 24. Bxe7 Qxe7 25. Nf6 Rf8 26. g4 Nd7 27. Nxd7 Rxd7 28. Rxd7 Qxd7 29. Bxa4 Qe6 30. Bb3 Qe7 31. Rd1 Na5 32. Qd3 f5 33. exf5 gxf5 34. Qd7 Qg5 35. f3 Nxb3 36. axb3 fxg4 0-1

[Event "Queens Festival Final-B 2022"]
[Site "Tornelo"]
[Date "2022.06.25"]
[Round "5.3"]
[White "Mariroh, Fariha"]
[Black "Mammadova, Aysel"]
[Result "0-1"]
[ECO "C55"]
[WhiteElo "1839"]
[BlackElo "1893"]
[Annotator "NA RC"]
[PlyCount "112"]
[EventDate "2022.06.24"]
[EventType "tourn"]
[EventCountry "NET"]
[SourceTitle "playchess.com"]
[Source "ChessBase"]
[SourceQuality "1"]
[TimeControl "180+2"]

1. e4 e5 2. Nf3 Nc6 3. Bc4 Be7 4. d4 d6 5. O-O Nf6 6. Nc3 Bg4 7. dxe5 Nxe5 8. Be2 Bxf3 9. Bxf3 Nxf3+ 10. Qxf3 O-O 11. Bf4 Nd7 12. Nd5 c6 13. Nxe7+ Qxe7 14. Rad1 Ne5 15. Qg3 Rad8 16. b3 Rfe8 17. Rd2 Ng6 18. f3 Nxf4 19. Qxf4 d5 20. exd5 Rxd5 21. Rxd5 cxd5 22. Rd1 Qc5+ 23. Kh1 Qxc2 24. Rg1 Qf2 25. Qb4 h6 26. h3 d4 27. Qxb7 d3 28. Qd7 Qe2 29. Kh2 d2 30. Rd1 Qe5+ 31. Kh1 Qe1+ 32. Kh2 Qxd1 33. Qxe8+ Kh7 34. Qe4+ g6 35. Qd5 Kg7 36. Qe5+ Kf8 37. Qd6+ Ke8 38. Qb8+ Ke7 39. Qxa7+ Ke6 40. Qe3+ Kd7 41. Qd4+ Ke7 42. Qe5+ Kf8 43. Qh8+ Ke7 44. Qe5+ Kd7 45. Qd5+ Ke8 46. Qe5+ Kd7 47. Qd5+ Kc7 48. Qxf7+ Kc6 49. Qxg6+ Kc5 50. Qf5+ Kd4 51. Qf6+ Kd3 52. Qf5+ Kc3 53. Qe5+ Kc2 54. Qe4+ Kc1 55. Qe3 Qc2 56. a4 Kb1 0-1

[Event "Queens Festival Final-B 2022"]
[Site "Tornelo"]
[Date "2022.06.25"]
[Round "5.4"]
[White "Deak-Sala, Emilia"]
[Black "Vujcic, Milena"]
[Result "0-1"]
[ECO "C52"]
[WhiteElo "1883"]
[BlackElo "1987"]
[Annotator "NA RC"]
[PlyCount "50"]
[EventDate "2022.06.24"]
[EventType "tourn"]
[EventCountry "NET"]
[SourceTitle "playchess.com"]
[Source "ChessBase"]
[SourceQuality "1"]
[TimeControl "180+2"]

1. e4 e5 2. Nf3 Nc6 3. Bc4 Bc5 4. b4 Bxb4 5. c3 Ba5 6. d4 exd4 7. Qb3 Qf6 8. Bg5 Qg6 9. O-O Nge7 10. Bxe7 Nxe7 11. Ne5 Qb6 12. Bxf7+ Kf8 13. cxd4 Qxd4 14. Bh5 d5 15. Qf3+ Nf5 16. Na3 Qxe4 17. Qxe4 dxe4 18. g4 Nd6 19. Rad1 g6 20. Bxg6 hxg6 21. Nxg6+ Kg7 22. Nxh8 Bxg4 23. Ng6 Bxd1 24. Rxd1 Kxg6 25. Nc2 Bb6 0-1

[Event "Queens Festival Final-B 2022"]
[Site "Tornelo"]
[Date "2022.06.25"]
[Round "5.5"]
[White "Shohradowa, Lala"]
[Black "Scarsi, Anna Laura"]
[Result "1/2-1/2"]
[ECO "D32"]
[WhiteElo "1856"]
[BlackElo "1867"]
[Annotator "NA RC"]
[PlyCount "173"]
[EventDate "2022.06.24"]
[EventType "tourn"]
[EventCountry "NET"]
[SourceTitle "playchess.com"]
[Source "ChessBase"]
[SourceQuality "1"]
[TimeControl "180+2"]

1. d4 d5 2. c4 e6 3. Nc3 c5 4. cxd5 exd5 5. dxc5 d4 6. Na4 Nc6 7. e3 Bxc5 8. Nxc5 Qa5+ 9. Bd2 Qxc5 10. Nf3 dxe3 11. Bxe3 Qb4+ 12. Qd2 Qxd2+ 13. Kxd2 Nf6 14. Bc4 Bf5 15. Rhe1 O-O 16. a3 Rfd8+ 17. Kc1 Rac8 18. b3 Na5 19. Kb2 Nxc4+ 20. bxc4 Rxc4 21. Nd4 Rcxd4 22. Bxd4 Rxd4 23. Rad1 Rxd1 24. Rxd1 Kf8 25. f3 Ke7 26. Re1+ Kd6 27. Rd1+ Kc6 28. Kb3 Nd5 29. Rc1+ Kd6 30. a4 Nf4 31. g3 Be6+ 32. Ka3 Nd5 33. f4 Nb6 34. a5 Nc4+ 35. Kb4 Ne3 36. Rg1 Ng4 37. Rd1+ Bd5 38. Rd2 Ne3 39. Rd3 Nf5 40. Rc3 Ne7 41. Ka4 Nc6 42. Re3 f6 43. Re8 g5 44. fxg5 fxg5 45. Rh8 Be4 46. Rg8 h6 47. Rh8 Bc2+ 48. Kb5 Bd3+ 49. Ka4 Bc2+ 50. Ka3 Nxa5 51. Rxh6+ Ke5 52. h4 Kf5 53. Rh5 Nc6 54. Rxg5+ Kf6 55. g4 Be4 56. Rg8 Ne5 57. g5+ Kf7 58. Rc8 Nf3 59. Rc4 Bd5 60. Rf4+ Kg6 61. Rf6+ Kg7 62. h5 Nxg5 63. Rg6+ Kh7 64. Rxg5 Bf7 65. Rf5 Be8 66. Re5 Bc6 67. Kb4 Kh6 68. Kc5 Bf3 69. Re7 Bxh5 70. Rxb7 a6 71. Rb6+ Kh7 72. Rxa6 Bf7 73. Ra7 Kg8 74. Kd6 Bg6 75. Ke7 Kh8 76. Kf6 Be4 77. Re7 Bd5 78. Kg6 Bg8 79. Rd7 Be6 80. Rd8+ Bg8 81. Kf6 Kh7 82. Rd4 Kh8 83. Rh4+ Bh7 84. Rg4 Bg8 85. Rh4+ Bh7 86. Rg4 Bg8 87. Rh4+ 1/2-1/2

[Event "Queens Festival Final-B 2022"]
[Site "Tornelo"]
[Date "2022.06.25"]
[Round "6.1"]
[White "Masoumi, Sahar"]
[Black "Scarsi, Anna Laura"]
[Result "1/2-1/2"]
[ECO "D32"]
[WhiteElo "2004"]
[BlackElo "1867"]
[Annotator "NA RC"]
[PlyCount "71"]
[EventDate "2022.06.24"]
[EventType "tourn"]
[EventCountry "NET"]
[SourceTitle "playchess.com"]
[Source "ChessBase"]
[SourceQuality "1"]
[TimeControl "180+2"]

1. d4 d5 2. c4 e6 3. Nc3 c5 4. cxd5 exd5 5. Nf3 Nc6 6. dxc5 d4 7. Na4 Bxc5 8. Nxc5 Qa5+ 9. Bd2 Qxc5 10. Rc1 Qd6 11. e3 dxe3 12. Bxe3 Qxd1+ 13. Rxd1 Nf6 14. Bb5 Bd7 15. O-O O-O 16. Bg5 Bg4 17. Bxf6 gxf6 18. Bxc6 bxc6 19. Rd6 Rab8 20. b3 Rfd8 21. Rxc6 Bxf3 22. gxf3 Rd2 23. Ra6 Rb7 24. Rc1 Kg7 25. Rc4 h5 26. Rca4 Re7 27. Re4 Rc7 28. Rc4 Re7 29. Rf4 Re1+ 30. Kg2 Ree2 31. Raxf6 Rxf2+ 32. Kg1 Rg2+ 33. Kf1 Rgf2+ 34. Kg1 Rg2+ 35. Kf1 Rgf2+ 36. Kg1 1/2-1/2

[Event "Queens Festival Final-B 2022"]
[Site "Tornelo"]
[Date "2022.06.25"]
[Round "6.2"]
[White "Vujcic, Milena"]
[Black "Shohradowa, Lala"]
[Result "0-1"]
[ECO "C02"]
[WhiteElo "1987"]
[BlackElo "1856"]
[Annotator "NA RC"]
[PlyCount "46"]
[EventDate "2022.06.24"]
[EventType "tourn"]
[EventCountry "NET"]
[SourceTitle "playchess.com"]
[Source "ChessBase"]
[SourceQuality "1"]
[TimeControl "180+2"]

1. e4 e6 2. d4 d5 3. e5 c5 4. c3 Qb6 5. Nf3 Nc6 6. a3 Bd7 7. b4 cxd4 8. cxd4 Rc8 9. Be3 Nh6 10. Bd3 Ng4 11. O-O Nxe3 12. fxe3 g6 13. Ng5 Nxe5 14. Kh1 Bh6 15. h4 Bxg5 16. hxg5 Nxd3 17. Qxd3 Bb5 18. Qd1 Bxf1 19. Qxf1 Qd8 20. Qf4 h6 21. gxh6 g5 22. Qh2 Qf6 23. Kg1 Rc1# 0-1

[Event "Queens Festival Final-B 2022"]
[Site "Tornelo"]
[Date "2022.06.25"]
[Round "6.3"]
[White "Mammadova, Aysel"]
[Black "Deak-Sala, Emilia"]
[Result "1-0"]
[ECO "B22"]
[WhiteElo "1893"]
[BlackElo "1883"]
[Annotator "NA RC"]
[PlyCount "73"]
[EventDate "2022.06.24"]
[EventType "tourn"]
[EventCountry "NET"]
[SourceTitle "playchess.com"]
[Source "ChessBase"]
[SourceQuality "1"]
[TimeControl "180+2"]

1. e4 c5 2. c3 Nf6 3. e5 Nd5 4. d4 cxd4 5. Nf3 Nc6 6. cxd4 d6 7. Bc4 Nb6 8. Bb5 d5 9. O-O Bg4 10. Be3 e6 11. Nbd2 Be7 12. Rc1 Rc8 13. h3 Bxf3 14. Qxf3 O-O 15. Bxc6 bxc6 16. Qg3 Kh8 17. f4 f6 18. f5 exf5 19. Rxf5 fxe5 20. Rxf8+ Qxf8 21. dxe5 c5 22. Rf1 Qe8 23. Nf3 d4 24. Bg5 Bxg5 25. Nxg5 Nc4 26. e6 Ne3 27. Rf3 h6 28. Nf7+ Kh7 29. Nd6 Qxe6 30. Nxc8 Qxc8 31. Qe5 Qc6 32. Rg3 Qf6 33. Qe4+ Kh8 34. Rf3 Qd6 35. Qe8+ Kh7 36. Rf8 Qxf8 37. Qxf8 1-0

[Event "Queens Festival Final-B 2022"]
[Site "Tornelo"]
[Date "2022.06.25"]
[Round "6.4"]
[White "Bian, Erin"]
[Black "Mariroh, Fariha"]
[Result "0-1"]
[ECO "B56"]
[WhiteElo "1811"]
[BlackElo "1839"]
[Annotator "NA RC"]
[PlyCount "160"]
[EventDate "2022.06.24"]
[EventType "tourn"]
[EventCountry "NET"]
[SourceTitle "playchess.com"]
[Source "ChessBase"]
[SourceQuality "1"]
[TimeControl "180+2"]

1. e4 c5 2. Nf3 d6 3. d4 cxd4 4. Nxd4 Nf6 5. Nc3 Nc6 6. f3 e5 7. Nb3 Be6 8. Be3 Be7 9. Qd2 d5 10. exd5 Nxd5 11. Nxd5 Qxd5 12. Qxd5 Bxd5 13. O-O-O O-O-O 14. Bd3 Be6 15. Nc5 Bxc5 16. Bxc5 Nd4 17. c3 Nc6 18. b3 f5 19. Bb5 Kc7 20. Be3 h6 21. h4 b6 22. Bf2 Ne7 23. Bg3 f4 24. Bf2 Nd5 25. Kc2 Bf5+ 26. Bd3 Bxd3+ 27. Rxd3 Nf6 28. Rhd1 e4 29. fxe4 Nxe4 30. Bd4 Kc6 31. Rf1 Rhf8 32. Bxg7 Rxd3 33. Kxd3 Nc5+ 34. Kc2 Rf7 35. Bxh6 f3 36. Rxf3 Rh7 37. Bg5 Rd7 38. Re3 Rf7 39. Re2 a5 40. a4 Nd7 41. g4 Nc5 42. Be3 Ne6 43. g5 Ng7 44. Bd4 Nf5 45. Rf2 Nxd4+ 46. cxd4 Rxf2+ 47. Kd3 Rh2 48. Ke4 Rxh4+ 49. Ke5 Rg4 50. d5+ Kd7 51. Kf5 Rd4 52. Ke5 Rg4 53. Kf5 Rg1 54. g6 Kd6 55. Kf6 Kxd5 56. g7 Kc5 57. Kf7 Kb4 58. g8=Q Rxg8 59. Kxg8 Kxb3 60. Kf7 Kxa4 61. Ke6 b5 62. Kd5 b4 63. Kd4 Kb3 64. Kd3 a4 65. Kd2 Kb2 66. Kd1 a3 67. Kd2 a2 68. Kd1 b3 69. Kd2 Kb1 70. Kc3 b2 71. Kb3 a1=Q 72. Kc3 Qa4 73. Kd2 Qd4+ 74. Ke2 Qe4+ 75. Kd2 Qd5+ 76. Ke2 Kc2 77. Ke1 b1=Q+ 78. Kf2 Qf5+ 79. Kg3 Qg1+ 80. Kh4 Qh7# 0-1

[Event "Queens Festival Final-B 2022"]
[Site "Tornelo"]
[Date "2022.06.25"]
[Round "6.5"]
[White "Pang, Ashley"]
[Black "Francis, Onkemetse"]
[Result "1-0"]
[ECO "A07"]
[WhiteElo "1967"]
[BlackElo "1777"]
[Annotator "NA RC"]
[PlyCount "71"]
[EventDate "2022.06.24"]
[EventType "tourn"]
[EventCountry "NET"]
[SourceTitle "playchess.com"]
[Source "ChessBase"]
[SourceQuality "1"]
[TimeControl "180+2"]

1. g3 Nf6 2. Bg2 g6 3. Nf3 Bg7 4. O-O O-O 5. d3 d5 6. Nbd2 c6 7. c3 Nbd7 8. e4 dxe4 9. dxe4 e5 10. Qe2 Qe7 11. Rd1 Re8 12. Nc4 h6 13. Nd6 Rf8 14. Be3 b6 15. Rd2 Nb8 16. Nxc8 Rxc8 17. Rad1 Nbd7 18. Bh3 Rd8 19. Qc4 c5 20. Nh4 Nf8 21. f3 Rxd2 22. Rxd2 Rd8 23. Qe2 Ne6 24. Qd1 Rxd2 25. Qxd2 Nd8 26. Bxh6 Nc6 27. Bg5 Qc7 28. Ng2 Nh5 29. Ne3 Na5 30. Nd5 Qb7 31. b3 Bf8 32. Bg4 Ng7 33. Nf6+ Kh8 34. Qg2 Ne6 35. Qh3+ Kg7 36. Qh7# 1-0

[Event "Queens Festival Final-B 2022"]
[Site "Tornelo"]
[Date "2022.06.25"]
[Round "7.1"]
[White "Francis, Onkemetse"]
[Black "Masoumi, Sahar"]
[Result "0-1"]
[ECO "B23"]
[WhiteElo "1777"]
[BlackElo "2004"]
[Annotator "NA RC"]
[PlyCount "74"]
[EventDate "2022.06.24"]
[EventType "tourn"]
[EventCountry "NET"]
[SourceTitle "playchess.com"]
[Source "ChessBase"]
[SourceQuality "1"]
[TimeControl "180+2"]

1. e4 c5 2. Nc3 Nc6 3. f4 g6 4. Nf3 Bg7 5. Bc4 e6 6. d3 Nge7 7. Bb3 O-O 8. O-O d5 9. Qe1 Nd4 10. Nxd4 cxd4 11. Nb5 dxe4 12. dxe4 d3 13. Nc3 dxc2 14. Bxc2 Nc6 15. Be3 Nb4 16. Bb3 Bd7 17. Rd1 Qc7 18. Qf2 b6 19. a3 Na6 20. Rc1 Qb7 21. Bc2 Rac8 22. f5 Nc5 23. Qh4 exf5 24. exf5 Bc6 25. Qh3 Rfe8 26. Bh6 Ne4 27. fxg6 hxg6 28. Bxg7 Kxg7 29. Nxe4 Bxe4 30. Bxe4 Qxe4 31. Rce1 Qd5 32. Qf3 Qd4+ 33. Kh1 Qc4 34. h3 Kg8 35. Qf6 Rxe1 36. Rxe1 Qd5 37. Rf1 Re8 0-1

[Event "Queens Festival Final-B 2022"]
[Site "Tornelo"]
[Date "2022.06.25"]
[Round "7.2"]
[White "Mariroh, Fariha"]
[Black "Pang, Ashley"]
[Result "0-1"]
[ECO "C42"]
[WhiteElo "1839"]
[BlackElo "1967"]
[Annotator "NA RC"]
[PlyCount "66"]
[EventDate "2022.06.24"]
[EventType "tourn"]
[EventCountry "NET"]
[SourceTitle "playchess.com"]
[Source "ChessBase"]
[SourceQuality "1"]
[TimeControl "180+2"]

1. e4 e5 2. Nf3 Nf6 3. Nxe5 d6 4. Nf3 Nxe4 5. d4 d5 6. Bd3 Bd6 7. O-O O-O 8. c4 c6 9. Nc3 Bf5 10. Be3 Re8 11. Rc1 Na6 12. a3 Rc8 13. b4 Nc7 14. c5 Bf8 15. a4 g6 16. b5 Bg7 17. Bf4 Ne6 18. Be3 Nxc3 19. Rxc3 Bg4 20. Be2 Bxf3 21. Bxf3 Qa5 22. Rc1 cxb5 23. axb5 Qxb5 24. Bxd5 Rcd8 25. Bc4 Qd7 26. Bxe6 Rxe6 27. Qb3 Bxd4 28. Rcd1 Re4 29. Qd3 Qe6 30. Bxd4 Rexd4 31. Qxd4 Rxd4 32. Rxd4 Qe5 33. Rd8+ Kg7 0-1

[Event "Queens Festival Final-B 2022"]
[Site "Tornelo"]
[Date "2022.06.25"]
[Round "7.3"]
[White "Deak-Sala, Emilia"]
[Black "Bian, Erin"]
[Result "0-1"]
[ECO "C54"]
[WhiteElo "1883"]
[BlackElo "1811"]
[Annotator "NA RC"]
[PlyCount "102"]
[EventDate "2022.06.24"]
[EventType "tourn"]
[EventCountry "NET"]
[SourceTitle "playchess.com"]
[Source "ChessBase"]
[SourceQuality "1"]
[TimeControl "180+2"]

1. e4 e5 2. Nf3 Nc6 3. Bc4 Bc5 4. d3 Nf6 5. c3 O-O 6. Bb3 d5 7. Qe2 Re8 8. Nbd2 Bg4 9. h3 Bh5 10. Nf1 dxe4 11. dxe4 Bg6 12. Ng3 Qe7 13. O-O Rad8 14. Bg5 h6 15. Bc1 Nh5 16. Nxh5 Bxh5 17. Be3 Na5 18. Bxc5 Qxc5 19. Bc2 Nc4 20. Bb3 Nd2 21. g4 Nxb3 22. axb3 Bg6 23. Nh4 Bh7 24. Nf5 Bxf5 25. gxf5 Qe7 26. Kh2 Qg5 27. Rg1 Qf4+ 28. Kh1 Rd2 29. Qg4 Qxg4 30. Rxg4 f6 31. Rag1 Re7 32. f4 exf4 33. Rxf4 Rxb2 34. Rg2 Rxb3 35. Ra2 a6 36. Rc2 Re5 37. Kg2 Rc5 38. Rf3 Rc4 39. Re3 Kf7 40. Kf3 Ke7 41. Rd3 a5 42. Ke3 a4 43. Ke2 a3 44. Ke3 Rb2 45. Rc1 a2 46. Ra1 Ra4 47. Rdd1 Ra3 48. Kd3 Rh2 49. Kc4 Rxh3 50. Kb4 Rhxc3 51. Rxa2 c5+ 0-1

[Event "Queens Festival Final-B 2022"]
[Site "Tornelo"]
[Date "2022.06.25"]
[Round "7.4"]
[White "Shohradowa, Lala"]
[Black "Mammadova, Aysel"]
[Result "1-0"]
[ECO "E11"]
[WhiteElo "1856"]
[BlackElo "1893"]
[Annotator "NA RC"]
[PlyCount "135"]
[EventDate "2022.06.24"]
[EventType "tourn"]
[EventCountry "NET"]
[SourceTitle "playchess.com"]
[Source "ChessBase"]
[SourceQuality "1"]
[TimeControl "180+2"]

1. d4 Nf6 2. c4 e6 3. g3 Bb4+ 4. Bd2 Qe7 5. Bg2 O-O 6. a3 Bxd2+ 7. Nxd2 d6 8. Ngf3 Nbd7 9. O-O e5 10. dxe5 Nxe5 11. Nxe5 dxe5 12. Qc2 c6 13. Rfd1 Bg4 14. Ne4 Bf5 15. Nxf6+ Qxf6 16. Be4 Bg6 17. c5 Rfd8 18. a4 Rxd1+ 19. Rxd1 Rd8 20. Bxg6 hxg6 21. Rd3 Qe7 22. b4 Kf8 23. Kf1 Ke8 24. Ke1 f5 25. Qc3 e4 26. Rxd8+ Kxd8 27. Qd4+ Kc7 28. Kd2 g5 29. e3 b6 30. cxb6+ axb6 31. a5 bxa5 32. Qa7+ Kd6 33. Qc5+ Kd7 34. Qxf5+ Ke8 35. Qc8+ Kf7 36. Qf5+ Ke8 37. Qxa5 Qd6+ 38. Ke1 Kf7 39. Qf5+ Kg8 40. Qc8+ Kh7 41. Qf5+ Kg8 42. Qxe4 Qf6 43. Qc4+ Kh7 44. Kf1 Qa1+ 45. Kg2 Qf6 46. h4 Kg6 47. hxg5 Qxg5 48. Qh4 Qb5 49. Qe4+ Kh6 50. Qe6+ g6 51. Qd6 Kg7 52. g4 Kh7 53. Qe7+ Kh6 54. Qf8+ Kh7 55. Qc5 Qb7 56. g5 Qd7 57. Kg3 Qc7+ 58. f4 Qd7 59. Qe5 Qf7 60. Qf6 Qd7 61. Qd4 Qe7 62. e4 Qc7 63. Kg4 Qe7 64. f5 gxf5+ 65. exf5 Qe2+ 66. Kf4 Qh2+ 67. Ke4 Qh4+ 68. Ke5 1-0

[Event "Queens Festival Final-B 2022"]
[Site "Tornelo"]
[Date "2022.06.25"]
[Round "7.5"]
[White "Scarsi, Anna Laura"]
[Black "Vujcic, Milena"]
[Result "0-1"]
[ECO "C50"]
[WhiteElo "1867"]
[BlackElo "1987"]
[Annotator "NA RC"]
[PlyCount "48"]
[EventDate "2022.06.24"]
[EventType "tourn"]
[EventCountry "NET"]
[SourceTitle "playchess.com"]
[Source "ChessBase"]
[SourceQuality "1"]
[TimeControl "180+2"]

1. e4 e5 2. Nf3 Nc6 3. Bc4 Bc5 4. d4 Bxd4 5. Nxd4 Nxd4 6. O-O Nf6 7. Bg5 h6 8. Bh4 g5 9. f4 d6 10. fxg5 d5 11. exd5 Ng4 12. d6 Rh7 13. Qd3 Rg7 14. dxc7 Qe7 15. c3 hxg5 16. Bg3 Nc6 17. Na3 e4 18. Qe2 a6 19. Rae1 f5 20. Bf2 Qe5 21. Bg3 f4 22. Bf2 e3 23. Qf3 Bf5 24. Bxe3 Nxe3 0-1

[Event "Queens Festival Final-B 2022"]
[Site "Tornelo"]
[Date "2022.06.25"]
[Round "8.1"]
[White "Masoumi, Sahar"]
[Black "Vujcic, Milena"]
[Result "1-0"]
[ECO "E73"]
[WhiteElo "2004"]
[BlackElo "1987"]
[Annotator "NA RC"]
[PlyCount "69"]
[EventDate "2022.06.24"]
[EventType "tourn"]
[EventCountry "NET"]
[SourceTitle "playchess.com"]
[Source "ChessBase"]
[SourceQuality "1"]
[TimeControl "180+2"]

1. d4 Nf6 2. c4 g6 3. Nc3 Bg7 4. e4 d6 5. Be2 O-O 6. Be3 e5 7. d5 a5 8. g4 Na6 9. h4 Nc5 10. f3 Nfd7 11. Qd2 Nb6 12. O-O-O f5 13. gxf5 gxf5 14. Nh3 f4 15. Bf2 Nba4 16. Rdg1 Kh8 17. h5 Bh6 18. Kb1 Qe8 19. Nb5 Qd8 20. Qe1 Bd7 21. Bh4 Qc8 22. Ng5 Bxg5 23. Bxg5 Bxb5 24. cxb5 c6 25. Rg2 cxb5 26. Rhg1 Qd7 27. Qh4 Qf7 28. Bxb5 Nb6 29. Bh6 Rg8 30. Bg7+ Rxg7 31. Rxg7 Qf8 32. Rg8+ Qxg8 33. Rxg8+ Rxg8 34. Qf6+ Rg7 35. h6 1-0

[Event "Queens Festival Final-B 2022"]
[Site "Tornelo"]
[Date "2022.06.25"]
[Round "8.2"]
[White "Mammadova, Aysel"]
[Black "Scarsi, Anna Laura"]
[Result "0-1"]
[ECO "B22"]
[WhiteElo "1893"]
[BlackElo "1867"]
[Annotator "NA RC"]
[PlyCount "170"]
[EventDate "2022.06.24"]
[EventType "tourn"]
[EventCountry "NET"]
[SourceTitle "playchess.com"]
[Source "ChessBase"]
[SourceQuality "1"]
[TimeControl "180+2"]

1. e4 c5 2. c3 d5 3. exd5 Qxd5 4. d4 e6 5. Nf3 Nf6 6. Be2 Nc6 7. O-O Be7 8. Be3 cxd4 9. Nxd4 Nxd4 10. Bxd4 O-O 11. Nd2 e5 12. Be3 Bf5 13. Qa4 a6 14. c4 Qd7 15. Qb3 Rfd8 16. Rfd1 Rab8 17. Nf3 Qe6 18. Ng5 Qc6 19. Bb6 Rxd1+ 20. Rxd1 h6 21. Nf3 Bd6 22. Be3 b5 23. c5 Bc7 24. Ne1 Be6 25. Qc2 Nd5 26. Bf3 Nxe3 27. fxe3 Qe8 28. b4 Bc4 29. Be4 Qe6 30. Rd2 g6 31. Nf3 f5 32. Bd3 Bxd3 33. Qxd3 Rd8 34. Qe2 Rd5 35. e4 Rxd2 36. Qxd2 fxe4 37. Ne1 Qc4 38. Qxh6 Qd4+ 39. Kf1 Qc4+ 40. Kf2 Qxa2+ 41. Kg1 Qf7 42. Qe3 Qd5 43. h3 Qd4 44. Kf2 Kf7 45. Nc2 Qxe3+ 46. Kxe3 Ke6 47. Kxe4 a5 48. bxa5 Bxa5 49. Ne3 b4 50. Nc4 b3 51. Kd3 Bb4 52. Ne3 Bxc5 53. Nd1 Bd4 54. g4 Kf6 55. h4 Ke6 56. h5 gxh5 57. gxh5 Kf6 58. Nc3 Kg5 59. Ne4+ Kxh5 60. Nd2 b2 61. Kc2 Kg4 62. Nc4 Kf3 63. Nd2+ Ke2 64. Ne4 Ke3 65. Nd6 Kf3 66. Nf5 Kf4 67. Nxd4 exd4 68. Kxb2 Ke3 69. Kc1 Ke2 70. Kc2 d3+ 71. Kc3 d2 72. Kb3 d1=Q+ 73. Kc4 Qd3+ 74. Kc5 Ke3 75. Kc6 Ke4 76. Kc7 Qd5 77. Kc8 Ke5 78. Kb8 Qc5 79. Kb7 Kd6 80. Ka8 Kd7 81. Kb8 Kd8 82. Kb7 Qd6 83. Ka7 Qb4 84. Ka6 Kc7 85. Ka7 Qb7# 0-1

[Event "Queens Festival Final-B 2022"]
[Site "Tornelo"]
[Date "2022.06.25"]
[Round "8.3"]
[White "Bian, Erin"]
[Black "Shohradowa, Lala"]
[Result "0-1"]
[ECO "C11"]
[WhiteElo "1811"]
[BlackElo "1856"]
[Annotator "NA RC"]
[PlyCount "82"]
[EventDate "2022.06.24"]
[EventType "tourn"]
[EventCountry "NET"]
[SourceTitle "playchess.com"]
[Source "ChessBase"]
[SourceQuality "1"]
[TimeControl "180+2"]

1. e4 e6 2. d4 d5 3. Nc3 Nf6 4. e5 Nfd7 5. f4 c5 6. Nf3 Nc6 7. Be3 cxd4 8. Nxd4 Bc5 9. Be2 O-O 10. O-O a6 11. Qd2 Nxd4 12. Bxd4 Qb6 13. Bxc5 Nxc5 14. Kh1 Bd7 15. f5 Qc7 16. Qf4 f6 17. fxe6 Nxe6 18. Nxd5 Nxf4 19. Nxc7 Nxe2 20. Nxa8 Rxa8 21. exf6 Bc6 22. fxg7 Kxg7 23. Rad1 Re8 24. c3 Re6 25. Rde1 Bb5 26. b3 Bd3 27. c4 Rg6 28. Rf3 Re6 29. Rxd3 Rf6 30. Rf3 Re6 31. Ref1 Kg6 32. h4 Re4 33. g3 Nd4 34. Rf6+ Kh5 35. R6f5+ Nxf5 36. Rxf5+ Kg4 37. Rf7 Kxg3 38. Rg7+ Kh3 39. h5 Re1+ 40. Rg1 Re2 41. a3 Rh2# 0-1

[Event "Queens Festival Final-B 2022"]
[Site "Tornelo"]
[Date "2022.06.25"]
[Round "8.4"]
[White "Pang, Ashley"]
[Black "Deak-Sala, Emilia"]
[Result "1-0"]
[ECO "A08"]
[WhiteElo "1967"]
[BlackElo "1883"]
[Annotator "NA RC"]
[PlyCount "99"]
[EventDate "2022.06.24"]
[EventType "tourn"]
[EventCountry "NET"]
[SourceTitle "playchess.com"]
[Source "ChessBase"]
[SourceQuality "1"]
[TimeControl "180+2"]

1. g3 d5 2. Bg2 c5 3. Nf3 Nc6 4. d3 Nf6 5. Nbd2 g6 6. O-O Bg7 7. Re1 O-O 8. e4 d4 9. a4 e5 10. Nc4 Ne8 11. b3 Nd6 12. Ba3 b6 13. Bc1 a6 14. Bd2 Rb8 15. a5 b5 16. Nb6 Bd7 17. Qc1 Nc8 18. Nd5 Be6 19. Ng5 Bxd5 20. exd5 N6e7 21. c4 Nd6 22. f4 exf4 23. Bxf4 bxc4 24. bxc4 Nef5 25. Qa3 Rc8 26. Rab1 h6 27. Ne4 Nxe4 28. dxe4 Nd6 29. Rec1 g5 30. Bd2 Re8 31. Rb6 Nxe4 32. Bxe4 Rxe4 33. Rxa6 Re2 34. Qd3 Qe8 35. Rd6 Re4 36. Rb6 Ra8 37. Ra1 Re7 38. a6 Rea7 39. d6 Qc8 40. Ba5 Rxa6 41. Rxa6 Rxa6 42. Qe4 Rxd6 43. Qe7 Rd8 44. Bxd8 Qf5 45. Qe8+ Kh7 46. Rf1 Qd3 47. Qxf7 Qe3+ 48. Qf2 Qe4 49. Qf5+ Qxf5 50. Rxf5 1-0

[Event "Queens Festival Final-B 2022"]
[Site "Tornelo"]
[Date "2022.06.25"]
[Round "8.5"]
[White "Francis, Onkemetse"]
[Black "Mariroh, Fariha"]
[Result "0-1"]
[ECO "B23"]
[WhiteElo "1777"]
[BlackElo "1839"]
[Annotator "NA RC"]
[PlyCount "40"]
[EventDate "2022.06.24"]
[EventType "tourn"]
[EventCountry "NET"]
[SourceTitle "playchess.com"]
[Source "ChessBase"]
[SourceQuality "1"]
[TimeControl "180+2"]

1. e4 c5 2. Nc3 d6 3. f4 g6 4. Nf3 Bg7 5. Bc4 e6 6. d3 Ne7 7. Bb3 Nbc6 8. O-O O-O 9. Be3 Na5 10. Qe1 Nxb3 11. axb3 Nc6 12. Qf2 Nb4 13. h3 b6 14. g4 f5 15. exf5 exf5 16. gxf5 Bxf5 17. Kh2 d5 18. Bc1 Qd7 19. Qg3 Nxc2 20. Ra3 Bxd3 0-1